 Dungeon Crawl Stone Soup version 0.21-a0-400-g417d9d2 (webtiles) character file.

23165 Humpert the Blocker (level 13, -2/88 HPs)
             Began as a Gargoyle Fighter on Oct 20, 2017.
             Was an Elder of Trog.
             Slain by a blink frog (9 damage)
             ... on level 2 of the Lair of Beasts.
             The game lasted 00:55:25 (19835 turns).

Humpert the Blocker (Gargoyle Fighter)             Turns: 19835, Time: 00:55:25

Health: -2/88      AC: 28    Str: 21 (23) XL:     13   Next: 5%
Magic:  13/13      EV:  7    Int: 10      God:    Trog [****..]
Gold:   654        SH: 13    Dex: 14 (15) Spells: 12/12 levels left

rFire    + . .     SeeInvis .   I - +4 flail
rCold    + + .     Gourm    .   c - +0 shield
rNeg     + . .     Faith    .   Y - +1 chain mail of Jeecut {rC+ Slay+4}
rPois    ∞         Spirit   .   F - +1 helmet
rElec    +         Reflect  .   g - scarf {cloud immunity}
rCorr    .         Harm     .   (no gloves)
MR       +....     Rnd*Tele +   Z - +0 pair of boots of New Discoveries {MR+ Dex+3} (curse)
Stlth    ..........             (no amulet)
HPRegen  0.24/turn              w - ring of flight
MPRegen  0.13/turn              A - ring of protection from fire

@: berserk cooldown, slowed, very slow
A: rugged brown scales 1, cold resistance 1, negative energy resistance 1,
electricity resistance, strong 1, teleportitis 1, unbreathing, petrification
resistance, rot immunity, AC +9
a: Berserk, Trog's Hand, Brothers in Arms, Burn Spellbooks, Renounce Religion,
Evoke Flight


You were on level 2 of the Lair of Beasts.
You worshipped Trog.
Trog was greatly pleased with you.
You were near starving.

You visited 3 branches of the dungeon, and saw 15 of its levels.
You also visited: Labyrinth.

You collected 786 gold pieces.
You spent 132 gold pieces at shops.

Inventory:

Hand Weapons
 m - a +0 dire flail
 I - a +4 flail (weapon)
 Q - a +2 eveningstar of crushing
Armour
 c - a +0 shield (worn)
 g - a scarf of cloud immunity (worn)
 k - +0 fire dragon scales
 F - a +1 helmet (worn)
 G - a +2 cloak
 H - the +1 ring mail of Gaock {rElec MR+, unknown}
   (You found it on level 8 of the Dungeon)

   It insulates you from electricity.
   It affects your resistance to hostile enchantments.
 Y - the +1 chain mail of Jeecut (worn) {rC+ Slay+4}
   (You found it in a labyrinth)

   It affects your accuracy and damage with ranged weapons and melee attacks
   (+4).
   It protects you from cold.
 Z - the cursed +0 pair of boots of New Discoveries (worn) {MR+ Dex+3}
   (You found it in a labyrinth)

   It affects your dexterity (+3).
   It affects your resistance to hostile enchantments.
   It has a curse placed upon it.
Jewellery
 i - an uncursed ring of wizardry {unknown}
 w - a ring of flight (left hand)
 A - a ring of protection from fire (right hand)
Wands
 a - a wand of digging (9/24)
 b - a wand of lightning (5/15)
 x - a wand of paralysis (0/24)
 J - a wand of digging (9/24)
 T - a wand of confusion (34/48)
 U - a wand of acid (9/15)
Scrolls
 e - 3 scrolls of teleportation
 q - a scroll of blinking
 r - 5 scrolls of remove curse
 t - 2 scrolls of fear
 M - a scroll of enchant armour
 V - a scroll of magic mapping
Potions
 d - a potion of might
 j - 2 potions of berserk rage
 l - a potion of agility
 n - a potion of brilliance
 p - 4 potions of curing
 B - 2 potions of cancellation
 C - a potion of lignification
 O - 3 potions of flight
Comestibles
 f - 6 bread rations
 h - 7 meat rations


   Skills:
 + Level 12.1 Fighting
 + Level 11.0 Maces & Flails
 + Level 12.0 Armour
 + Level 12.1 Shields
 + Level 0.9 Evocations


You had 12 spell levels left.
You didn't know any spells.

Dungeon Overview and Level Annotations

Branches:
Dungeon (12/15)            Temple (1/1) D:7            Lair (2/6) D:9
    Orc (0/2) D:12
  Swamp: Lair:2-4    Shoals: Lair:2-4     Snake: Lair:2-4    Spider: Lair:2-4

Altars:
Ashenzari
Cheibriados
Dithmenos
Elyvilon
Fedhas
Gozag
Hepliaklqana
Kikubaaqudgha
Makhleb
Nemelex Xobeh
Okawaru
Qazlal
Ru
Sif Muna
Trog
Uskayaw
Vehumet
Wu Jian
Xom
Yredelemnul
Zin
The Shining One

Shops:
D:4 ?   D:7 }   D:9 *

Annotations:
D:8 exclusion: door


Innate Abilities, Weirdness & Mutations

You are resistant to torment.
Your stone body is resilient. (AC +9)
You are immune to poison.
You resist negative energy. (rN+)
You are resistant to electric shocks. (rElec)
You can survive without breathing.
You are immune to petrification.
You are immune to rotting.
You are partially covered in rugged brown scales. (AC +1, +3% HP)
Your flesh is cold resistant. (rC+)
Your muscles are strong. (Str +2)
You are occasionally teleported next to monsters.


Message History

Aiming: Lightning Bolt (will waste charges)
Press: ? - help, Shift-Dir - straight line, f - blink frog
Aim: a blink frog (heavily wounded)
You hear a mighty clap of thunder!
The bolt of lightning misses the blink frog.
Evoking this partially-identified wand wasted a few charges.
The blink frog hits you but does no damage.
You miss the blink frog.
The blink frog is heavily wounded.
The blink frog blinks!
Things that are here:
a blink frog corpse; a basilisk corpse You sock the blink frog!
The blink frog is almost dead.
You block the blink frog's attack.
The blink frog hits you but does no damage.
You closely miss the blink frog.
The blink frog is almost dead.
The blink frog hits you!
You die...

#.####...#.....P......#####
## #....................#
###.......P.....#?......
#........#............
#...P.................
#.#......##......##...
####.....#.#....## ...
###.#.).....## ..
###.@F....# #.......P#
####...†..P##
#####.........##
##.#P.#..[...###
###........#....#
#P..........)...#
##...[..........# #
##.....#....##..(.#


You could see a blink frog.

Vanquished Creatures
  A minotaur (Lab)
  A hydra (Lair:2)
  2 two-headed ogres
  Harold (Lair:1)
  Sonja (Lair:1)
  An unseen horror (D:10)
  A merfolk siren (Lair:2)
  A black mamba (Lair:2)
  Joseph (D:9)
  5 spiny frogs
  2 gargoyles (D:10)
  A komodo dragon (D:11)
  2 merfolk (Lair:2)
  4 trolls
  A hornet (D:11)
  7 blink frogs (Lair:2)
  Sigmund (D:6)
  3 hippogriffs
  21 yaks
  3 basilisks
  3 hungry ghosts
  The ghost of dracos369 the Chiller, an amateur OpIE (D:4)
  14 water moccasins
  6 porcupines
  10 orc warriors
  3 ice beasts
  A necrophage (D:6)
  3 phantoms
  5 ogres
  2 crocodiles
  7 centaurs
  3 big kobolds
  6 bullfrogs
  A wyvern zombie (D:10)
  3 gnoll sergeants
  2 scorpions
  9 killer bees
  10 wights
  A howler monkey (D:7)
  4 crimson imps
  A centaur zombie (D:7)
  8 orc priests
  4 hounds
  Crazy Yiuf (D:7)
  A bullfrog skeleton (D:10)
  A jelly (D:9)
  An iguana (D:9)
  13 orc wizards
  4 worker ants
  A howler monkey zombie (D:6)
  8 gnolls
  A howler monkey skeleton (D:10)
  13 adders
  A shadow imp (D:11)
  2 adder skeletons
  4 worms
  2 dart slugs
  9 leopard geckos
  42 orcs
  3 bats
  6 giant cockroaches
  8 goblins
  11 hobgoblins
  13 jackals
  3 quokkas
  2 ball pythons (D:1)
  7 frilled lizards
  21 kobolds
  A leopard gecko skeleton (D:7)
  10 rats
356 creatures vanquished.

Vanquished Creatures (others)
  10 fungi
10 creatures vanquished.

Grand Total: 366 creatures vanquished

Notes
Turn   | Place    | Note
-------+----------+-------------------------------------------
     0 | D:1      | Humpert the Gargoyle Fighter began the quest for the Orb.
     0 | D:1      | Reached XP level 1. HP: 14/14 MP: 1/1
   244 | D:1      | Reached XP level 2. HP: 19/19 MP: 2/2
   479 | D:1      | Reached XP level 3. HP: 18/23 MP: 3/3
  1214 | D:2      | Found a snail-covered altar of Cheibriados.
  1304 | D:2      | Reached XP level 4. HP: 29/29 MP: 4/4
  1970 | D:2      | Reached XP level 5. HP: 33/33 MP: 5/5
  2512 | D:4      | Reached XP level 6. HP: 37/39 MP: 6/6
  2669 | D:4      | Noticed dracos369's ghost (amateur OpIE)
  2793 | D:4      | Killed dracos369's ghost
  3035 | D:4      | Noticed an ice beast
  3109 | D:4      | Killed an ice beast
  3109 | D:4      | Reached skill level 5 in Fighting
  3109 | D:4      | Reached skill level 5 in Armour
  3109 | D:4      | Reached skill level 5 in Shields
  3109 | D:4      | Reached XP level 7. HP: 25/44 MP: 7/7
  3290 | D:4      | Found Vigaxt Cyngo's Magic Scroll Shoppe.
  3296 | D:4      | Bought a scroll of identify for 22 gold pieces
  3296 | D:4      | Bought a scroll of identify for 22 gold pieces
  3922 | D:5      | Entered Level 5 of the Dungeon
  4453 | D:5      | Reached XP level 8. HP: 51/51 MP: 8/8
  4839 | D:5      | Found a hazy altar of Hepliaklqana.
  4840 | D:5      | Found a blossoming altar of Fedhas.
  4840 | D:5      | Found a glowing golden altar of the Shining One.
  4912 | D:5      | Reached skill level 5 in Maces & Flails
  5568 | D:6      | Noticed Sigmund
  5739 | D:6      | Killed Sigmund
  6459 | D:6      | Found an opulent altar of Gozag.
  6933 | D:7      | Found a staircase to the Ecumenical Temple.
  7121 | Temple   | Entered the Ecumenical Temple
  7242 | Temple   | Became a worshipper of Trog the Wrathful
  7473 | D:7      | Reached XP level 9. HP: 47/56 MP: 9/9
  7734 | D:7      | Found Muskeyroe's Quality Used Wands.
  7768 | D:7      | Found a runed door.
  7823 | D:7      | Found an iron altar of Okawaru.
  7925 | D:7      | Noticed Crazy Yiuf
  7931 | D:7      | Killed Crazy Yiuf
  8059 | D:8      | Got a scorched ring mail
  8204 | D:7      | Found an ornate altar of the Wu Jian Council.
  8533 | D:8      | Reached * piety under Trog
  9000 | D:8      | Found a deep blue altar of Sif Muna.
  9342 | D:8      | Gained mutation: You are occasionally teleported next to monsters. [potion of mutation]
  9342 | D:8      | Gained mutation: Scrolls take you a little longer to read. [potion of mutation]
  9342 | D:8      | Gained mutation: You are partially covered in rugged brown scales. (AC +1, +3% HP) [potion of mutation]
  9342 | D:8      | Gained mutation: You have a pair of small antennae on your head. [potion of mutation]
  9715 | D:9      | Lost mutation: Scrolls take you a little longer to read. [potion of mutation]
  9715 | D:9      | Lost mutation: You have a pair of small antennae on your head. [potion of mutation]
  9715 | D:9      | Gained mutation: Your flesh is cold resistant. (rC+) [potion of mutation]
  9715 | D:9      | Gained mutation: Your muscles are strong. (Str +2) [potion of mutation]
  9721 | D:9      | Found Vuaduepse's General Store.
  9725 | D:9      | Bought a scroll of magic mapping for 56 gold pieces
  9725 | D:9      | Bought a scroll of identify for 32 gold pieces
  9847 | D:9      | Noticed Joseph
  9864 | D:9      | Killed Joseph
  9864 | D:9      | Reached ** piety under Trog
  9864 | D:9      | Reached XP level 10. HP: 39/65 MP: 10/10
 10879 | D:9      | Found a staircase to the Lair.
 11188 | D:10     | Entered Level 10 of the Dungeon
 11394 | D:10     | Noticed a gargoyle
 11406 | D:10     | Killed a gargoyle
 12121 | D:10     | Reached XP level 11. HP: 73/73 MP: 11/11
 12494 | D:10     | Killed an unseen horror
 12515 | D:10     | Paralysed by fainting for 6 turns
 12524 | D:10     | Reached *** piety under Trog
 13184 | D:11     | Reached skill level 10 in Armour
 13184 | D:11     | Reached skill level 10 in Shields
 13286 | D:11     | Reached skill level 10 in Fighting
 13296 | D:11     | Noticed a two-headed ogre
 13314 | D:11     | Killed a two-headed ogre
 14494 | D:12     | Reached **** piety under Trog
 14564 | D:12     | Found a staircase to the Orcish Mines.
 15315 | D:12     | Reached XP level 12. HP: 81/81 MP: 12/12
 15318 | D:12     | Noticed a two-headed ogre
 15325 | D:12     | Killed a two-headed ogre
 16024 | Lair:1   | Entered Level 1 of the Lair of Beasts
 16024 | Lair:1   | Noticed Sonja
 16066 | Lair:1   | Killed Sonja
 16066 | Lair:1   | Reached skill level 10 in Maces & Flails
 16082 | Lair:1   | Found a labyrinth entrance.
 16090 | Lab      | Entered a labyrinth
 16929 | Lab      | Noticed a minotaur
 16948 | Lab      | Killed a minotaur
 17013 | Lab      | Got a faintly humming chain mail
 17013 | Lab      | Got a pair of fine boots
 17202 | Lair:1   | Identified the cursed +0 pair of boots of New Discoveries {MR+ Dex+3} (You found it in a labyrinth)
 17212 | Lair:1   | Identified the +1 chain mail of Jeecut {rC+ Slay+4} (You found it in a labyrinth)
 17676 | Lair:1   | Noticed Harold
 17737 | Lair:1   | Killed Harold
 18281 | Lair:2   | Noticed a five-headed hydra
 18707 | Lair:2   | Noticed an eight-headed hydra
 18941 | Lair:2   | Found the +8 whip "Snakebite" {curare, rPois}
 19061 | Lair:2   | Killed a five-headed hydra
 19790 | Lair:2   | Reached XP level 13. HP: 50/88 MP: 13/13
 19807 | Lair:2   | HP: 2/132 [blink frog (7)]
 19812 | Lair:2   | HP: 1/132 [blink frog (2)]
 19835 | Lair:2   | Slain by a blink frog

Vault maps used:
D:1:      elethiomel_arrival_quiet
D:2:      kennysheep_slug_shrine, minmay_misc_feat_diagonals,
          kennysheep_minor_cross
D:3:      first_bread
D:4:      serial_shops, shop, kennysheep_opposing_triangles
D:5:      kennysheep_big_flooded_room, gammafunk_temple_overflow_forgotten,
          roderic_serpentine_path, bh_chokoban
D:6:      kennysheep_mini, kennysheep_boxes, uniq_sigmund
D:7:      marbit_many_paths, nicolae_overflow_hidden_temple,
          minmay_temple_entry_purple_smoke, nicolae_for_you_no_charge,
          uniq_crazy_yiuf_cottage
D:8:      led_sif_book
D:9:      grunt_lair_entry_orc_guard_hut, serial_shops, nicolae_shop_trees,
          minmay_misc_feat_roman, uniq_joseph
D:12:     kennysheep_orc_monster_closet_entryway
Temple:   regret_index_temple_waves
Lair:1:   lab_entry_generic, uniq_harold, uniq_sonja
Lair:2:   minmay_guarded_unrand_snakebite, elwin_shoals_entry_stream
Lab:      labyrinth_mini_lab, nicolae_lab_do_over, nicolae_lab_t_cross,
          nicolae_lab_very_dead_end

Skill      XL: |  1  2  3  4  5  6  7  8  9 10 11 12 13 |
---------------+----------------------------------------+-----
Armour         | 4 5 6 8 9 10 12 | 12.0
Shields        | 4 5 6 8 9 10 12 | 12.1
Fighting       | 4 5 6 8 9 10 12 | 12.1
Maces & Flails | 3 4 5 7 8 9 10 11 | 11.0
Evocations     | |  0.9

Action                   |  1- 3 |  4- 6 |  7- 9 | 10-12 | 13-15 || total
-------------------------+-------+-------+-------+-------+-------++-------
Melee: Flail             |   168 |   223 |   442 |   985 |    32 ||  1850
Invok: Berserk           |       |       |     1 |     3 |     1 ||     5
       Burn Spellbooks   |       |       |     1 |       |       ||     1
Evoke: Wand              |       |       |     7 |     3 |     1 ||    11
  Use: Scroll            |       |     5 |    13 |    17 |       ||    35
       Potion            |       |       |     6 |     1 |       ||     7
 Stab: Paralysed         |       |       |     7 |       |       ||     7
  Eat: Chunk             |     2 |     6 |    10 |    20 |       ||    38
       Fruit             |       |       |    11 |     1 |       ||    12
       Royal jelly       |       |       |     1 |     2 |       ||     3
       Bread ration      |       |       |       |     3 |       ||     3
       Meat ration       |       |       |       |     1 |       ||     1
Armor: Scale mail        |    74 |     9 |       |       |       ||    83
       Fire dragon scale |    29 |   137 |   265 |   441 |       ||   872
       Chain mail        |       |       |       |   112 |    17 ||   129
Dodge: Dodged            |    56 |    60 |   126 |   262 |     6 ||   510
Block: Shield            |    90 |   123 |   252 |   554 |    16 ||  1035

Table legend:
 A = Spawn XP
 B = Non-spawn XP
 C = Spawn XP percentage of total XP
 D = Spawn monster count
 E = Non-spawn monster count
 F = Spawn count percentage of total count
 G = Total turns spent on level
                    A         B        C        D         E        F      G
               +---------+---------+-------+---------+---------+-------+---------
         Total |       0 |   33094 |   0.0 |       0 |     356 |   0.0 | 19835
               +---------+---------+-------+---------+---------+-------+---------
           D:1 |       0 |      61 |   0.0 |       0 |      31 |   0.0 |  1149
           D:2 |       0 |     160 |   0.0 |       0 |      41 |   0.0 |   900
           D:3 |       0 |      48 |   0.0 |       0 |      12 |   0.0 |   512
           D:4 |       0 |     675 |   0.0 |       0 |      18 |   0.0 |  1431
           D:5 |       0 |     520 |   0.0 |       0 |      11 |   0.0 |  1721
           D:6 |       0 |     663 |   0.0 |       0 |      16 |   0.0 |  1358
           D:7 |       0 |     958 |   0.0 |       0 |      19 |   0.0 |  1111
           D:8 |       0 |     887 |   0.0 |       0 |      22 |   0.0 |  1216
           D:9 |       0 |    3835 |   0.0 |       0 |      37 |   0.0 |  1821
          D:10 |       0 |    3309 |   0.0 |       0 |      28 |   0.0 |  1799
          D:11 |       0 |    5837 |   0.0 |       0 |      49 |   0.0 |  1841
          D:12 |       0 |    2791 |   0.0 |       0 |      24 |   0.0 |  1016
        Lair:1 |       0 |    5146 |   0.0 |       0 |      16 |   0.0 |  1778
        Lair:2 |       0 |    7133 |   0.0 |       0 |      31 |   0.0 |   957
           Lab |       0 |    1071 |   0.0 |       0 |       1 |   0.0 |  1072
               +---------+---------+-------+---------+---------+-------+---------
